 Dungeon Crawl Stone Soup version 0.27.1-33-g824d729ab1 (webtiles) character file.

Game seed: 15082930912092558989

102 vvl the Insei (level 4, 0/29 HPs)
             Began as an Octopode Transmuter on Dec 30, 2021.
             Slain by a phantom (9 damage)
             ... on level 3 of the Dungeon.
             The game lasted 00:06:31 (2944 turns).

vvl the Insei (Octopode Transmuter)                 Turns: 2944, Time: 00:06:32

Health: 0/29       AC:  1    Str: 10    XL:     4   Next: 78%
Magic:  6/7        EV: 13    Int: 15    God:
Gold:   87         SH:  0    Dex: 12    Spells: 6/7 levels left

rFire    . . .     SeeInvis .   a - +1 dagger (venom)
rCold    . . .     Faith    .   (no shield)
rNeg     . . .     Spirit   .   (helmet currently unavailable)
rPois    .         Reflect  .   (no amulet)
rElec    .         Harm     .   (no ring)
rCorr    .         Rampage  .   (no ring)
Will     .....                  (no ring)
Stlth    ++........             (no ring)
HPRegen  0.09/turn              (no ring)
MPRegen  0.10/turn              (no ring)
                                (no ring)
                                (no ring)

@: appendages
A: tentacle spike 3, almost no armour, amphibious, 8 rings, camouflage 1,
gelatinous body 1, (nimble swimmer 1), tentacles
a: End Transformation


You were on level 3 of the Dungeon.
One of your tentacles had grown a beastly spike.
You visited 1 branch of the dungeon, and saw 3 of its levels.

You collected 87 gold pieces.

Inventory:

Hand Weapons
 a - a +1 dagger of venom (weapon)
Wands
 e - a wand of charming (8)
 f - a wand of mindburst (17)
Scrolls
 b - a scroll of summoning {unknown}
 c - 2 scrolls of identify {unknown}
Potions
 g - a potion of ambrosia {unknown}
 h - a potion of heal wounds {unknown}


   Skills:
 + Level 1.7 Fighting
 + Level 2.6 Dodging
 * Level 3.8 Unarmed Combat
 + Level 2.4 Spellcasting
 + Level 2.3 Transmutations
 + Level 0.8 Ice Magic
 + Level 1.1 Poison Magic


You had 6 spell levels left.
You knew the following spells:

 Your Spells              Type           Power      Damage    Failure   Level
a - Beastly Appendage     Tmut           16%        N/A       9%          1

Your spell library contained the following spells:

 Spells                   Type           Power      Damage    Failure   Level
 Wereblood                Tmut           8%         N/A       12%         2
 Poisonous Vapours        Pois/Air       6%         N/A       26%         2
 Spider Form              Tmut/Pois      3%         N/A       30%         3
 Corpse Rot               Necr/Air       N/A        N/A       32%         2
 Ice Form                 Ice/Tmut       6%         N/A       73%         4
 Freezing Cloud           Conj/Ice/Air   1%         6-21      99%         5


Dungeon Overview and Level Annotations

Branches:
Dungeon (3/15)

Altars:


Innate Abilities, Weirdness & Mutations

One of your tentacles has grown a beastly spike.
You cannot wear most types of armour.
You are amphibious.
You can wear up to eight rings at the same time.
Your skin changes colour to match your surroundings (Stealth+).
Your rubbery body absorbs attacks. (AC +1, EV +1)
((You are camouflaged near water. (Stealth+)))
You have tentacles for arms and can constrict up to eight enemies at once.


Message History

The phantom is moderately damaged.
The phantom hits you!
You barely miss the phantom.
The phantom is moderately damaged.
The phantom hits you!
The phantom blinks!
You blink.
You miss the phantom.
Your tentacle spike misses the phantom.
The phantom is moderately damaged.
The phantom hits you.
* * * LOW HITPOINT WARNING * * *
You hit the phantom.
The phantom is heavily damaged.
Your tentacle spike disappears.
The phantom hits you.
* * * LOW HITPOINT WARNING * * *
You feel better. The phantom barely misses you.
Casting: Beastly Appendage (safe; 9% risk of failure)
Confirm with . or Enter, or press ? or * to list all spells.
One of your tentacles grows a vicious spike.
The phantom hits you!
* * * LOW HITPOINT WARNING * * *
You hit the phantom but do no damage.
Your tentacle spike misses the phantom.
The phantom is heavily damaged.
The phantom misses you.
You barely miss the phantom.
You pierce the phantom.
You tentacle-slap the phantom.
The phantom is severely damaged.
The phantom closely misses you.
You hit the phantom but do no damage.
The phantom is severely damaged.
The phantom barely misses you.
You hit the phantom.
The phantom is severely damaged.
The phantom hits you.
* * * LOW HITPOINT WARNING * * *
The phantom blinks!
You blink.
You feel better. The phantom barely misses you.
You hit the phantom. You squeeze the phantom.
The phantom is almost destroyed.
The phantom hits you!
You die...

..'...8#
####.#####............
#.#...##
#........'............
#.#...#
#.##.#####...........#
#.#...# #.##.#
#...........# #.#...8#
#.##.#####...........#
#.#...##
#.##....##...........#
#.#....
#.####################
#†###### #.###8###8##
#.# #....@.....## #.#
#.§...W....8# ..#
#..........## ..#
#...#8##...# ##### .W#
#######...### ...#
#...# .<# #.......###
...⌠###.#.####
.#####......>..#
...##.........
..W..#....#.####
...####.#.####
.....#....#.# ...#
#.#.#


You could see a phantom.

Vanquished Creatures
  5 adders
  An orc (D:3)
  2 ball pythons (D:3)
  5 endoplasms
  2 giant cockroaches
  11 goblins
  5 hobgoblins
  4 quokkas
  4 bats
  4 frilled lizards
  4 kobolds
  6 rats
53 creatures vanquished.

Vanquished Creatures (others)
  A plant (D:1)
  2 withered plants (D:1)
3 creatures vanquished.

Grand Total: 56 creatures vanquished

Notes
Turn   | Place    | Note
-------+----------+-------------------------------------------
     0 | D:1      | vvl the Octopode Transmuter began the quest for the Orb.
     0 | D:1      | Reached XP level 1. HP: 13/13 MP: 3/3
   252 | D:1      | Reached XP level 2. HP: 18/18 MP: 5/5
   297 | D:1      | Found a faded altar of an unknown god.
   964 | D:1      | Reached XP level 3. HP: 23/23 MP: 4/6
  1480 | D:2      | Reached skill level 1 in Poison Magic
  1480 | D:2      | Reached XP level 4. HP: 28/28 MP: 5/7
  2263 | D:3      | Noticed a phantom
  2936 | D:3      | HP: 1/29 [phantom (3)]
  2942 | D:3      | HP: 1/29 [phantom (5)]
  2944 | D:3      | Slain by a phantom

Illustrated notes

Levels and vault maps discovered:
D:1:      nagdon_arrival_zigzag_paths, layout_basic,
          shapermc_ecumenical_altar_flowoftime, minmay_tromino_v4_b
D:2:      layout_basic, serial_glass, glass_columns_c, glass_columns_b,
          glass_columns_a, glass_columns_a, due_unseen_surprise,
          item_on_display_a
D:3:      layout_basic, serial_corexii_hall, chequers_hall_statues_corner_a,
          chequers_hall_statues_corner_a, chequers_hall_statues_corner_a,
          corexii_hall_statues_i, corexii_hall_statues_u,
          corexii_hall_statues_deadend

Skill      XL: |  1  2  3 |
---------------+----------+-----
Poison Magic   | 1 |  1.1
Fighting       | |  1.7
Dodging        | |  2.6
Unarmed Combat | |  3.8
Spellcasting   | |  2.4
Transmutations | |  2.3
Ice Magic      | |  0.8

Action                   |  1- 3 |  4- 6 || total
-------------------------+-------+-------++-------
Melee: Unarmed           |    18 |       ||    18
       Tentacles         |    10 |     6 ||    16
       Constrict         |    16 |     7 ||    23
       Kick              |    13 |    11 ||    24
       Dagger            |    45 |    49 ||    94
       Punch             |       |     2 ||     2
 Cast: Beastly Appendage |    15 |    13 ||    28
  Use: Potion            |       |     4 ||     4
 Stab: Sleeping          |     5 |     5 ||    10
Armor: Skin              |     6 |     2 ||     8
Dodge: Dodged            |    31 |    25 ||    56
